 Dungeon Crawl Stone Soup version 0.23.2-33-g5129a83184 (webtiles) character file.

Game seed: 13758808940614834672

23 AarnesTheHuman the Shield-Bearer (level 3, 29/29 HPs)
             Began as a Formicid Fighter on July 31, 2019.
             Got out of the dungeon alive.
             The game lasted 00:02:37 (1086 turns).

AarnesTheHuman the Shield-Bearer (Formicid Fighter) Turns: 1086, Time: 00:02:37

Health: 29/29      AC:  6    Str: 21    XL:     3   Next: 12%
Magic:  3/3        EV:  8    Int:  7    God:
Gold:   123        SH:  9    Dex: 10    Spells: 2/2 levels left

rFire    . . .     SeeInvis +   a - +0 long sword
rCold    . . .     Gourm    .   c - +0 shield
rNeg     . . .     Faith    .   b - +0 scale mail
rPois    .         Spirit   .   (helmet unavailable)
rElec    .         Reflect  .   (no cloak)
rCorr    .         Harm     .   (no gloves)
MR       .....                  (no boots)
Stlth    ..........             (no amulet)
HPRegen  0.09/turn              (no ring)
MPRegen  0.08/turn              (no ring)

@: no status effects
A: permanent stasis, dig shafts and tunnels, four strong arms, antennae 3
a: Dig, Shaft Self


You escaped.
You were hungry.

You visited 1 branch of the dungeon, and saw 1 of its levels.

You collected 123 gold pieces.

Inventory:

Hand Weapons
 a - a +0 long sword (weapon)
Armour
 b - a +0 scale mail (worn)
 c - a +0 shield (worn)
Jewellery
 h - a +5 ring of slaying {unknown}
 j - an uncursed ring of flight {unknown}
 k - a cursed -2 ring of protection {unknown}
Scrolls
 e - a scroll of identify {unknown}
 l - a scroll of enchant armour {unknown}
Potions
 d - a potion of might
 i - a potion of flight {unknown}
Comestibles
 f - 3 rations


   Skills:
 + Level 3.6 Fighting
 + Level 2.4 Long Blades
 + Level 3.6 Armour
 + Level 4.0 Shields


You had 2 spell levels left.
You didn't know any spells.
Your spell library was empty.

Dungeon Overview and Level Annotations

Branches:
Dungeon (1/15)

Altars:


Innate Abilities, Weirdness & Mutations

You cannot be hasted, slowed, berserked, paralysed or teleported.
You can dig through walls and to a lower floor.
Your four strong arms can wield two-handed weapons with a shield.
You have a pair of large antennae on your head. (SInv)


Message History

You hit the rat.
You kill the rat!
Your Shields skill increases to level 4!
No target in view!
You open the door.
There is an open door here.
You now have 123 gold pieces (gained 10).
There is an open door here.
You open the door.
There is an open door here.
All of the chunks of flesh in your inventory have rotted away.
You are feeling hungry.
You see here a +0 club.
There is an escape hatch in the floor here.
Done exploring.
Done exploring.
There is an escape hatch in the floor here.
There is a staircase leading out of the dungeon here.
Are you sure you want to leave the Dungeon?
This will make you lose the game!
You have escaped!

##'######...##########.......#
#.# #..##.###.#...#.#.......# #.#
##.#..#...#.#...#......##
##.###..#.##.###.#####.#...##
##...##.##.#....#....#..##.##
###.....#......#..#.##....##.# #
.###....########..#..###..##.####
..###.#.#..#.....###...#####.....
.####.#.##.#....@....#.## ######
.........#...###.#...#..# #
#####.##.###..#..########
#......##.#..#......#
#.#..#....#....#.##.#
#.#######.###.##.#..# ### #.#
#...#.#...#..#.##
..###.###.#...#.###.##..# #####
#.##....##########...#### #....


There were no monsters in sight!

Vanquished Creatures
  A dart slug (D:1)
  A giant cockroach (D:1)
  A goblin (D:1)
  3 hobgoblins (D:1)
  5 jackals (D:1)
  2 ball pythons (D:1)
  2 bats (D:1)
  2 frilled lizards (D:1)
  4 rats (D:1)
21 creatures vanquished.

Notes
Turn   | Place    | Note
-------+----------+-------------------------------------------
     0 | D:1      | AarnesTheHuman the Formicid Fighter began the quest for the
                  | Orb.
     0 | D:1      | Reached XP level 1. HP: 18/18 MP: 1/1
   312 | D:1      | Reached XP level 2. HP: 16/24 MP: 2/2
   808 | D:1      | Reached XP level 3. HP: 28/29 MP: 3/3
   821 | D:1      | Reached skill level 4 in Shields
  1086 | D:$      | Got out of the dungeon alive.

Skill      XL: |  1  2  3 |
---------------+----------+-----
Shields        | 4 |  4.0
Fighting       | |  3.6
Long Blades    | |  2.4
Armour         | |  3.6

Action                   || total
-------------------------++-------
Melee: Long sword        ||    77
 Abil: Dig               ||     2
Armor: Scale mail        ||    32
Dodge: Dodged            ||    21
Block: Shield            ||    41
       Rpst.: Long sword ||     4
